 Dungeon Sprint DCSS version 0.28-a0-1518-gbe868bca14 (webtiles) character file.

Game seed: 16405390709795907248

585 mhtbhm the Protected (level 7, -8/51 HPs)
             Began as a Gargoyle Fighter on Jan 16, 2022.
             Was an Initiate of Gozag.
             Mangled by a fire elemental (9 damage)
             ... summoned by a deep elf pyromancer
             ... in the Dungeon (Sprint III: "The Ten Rune Challenge").
             The game lasted 00:02:20 (866 turns).

mhtbhm the Protected (Gargoyle Fighter)              Turns: 866, Time: 00:02:20

Health: -8/51      AC: 14    Str: 21    XL:     7   Next: 37%
Magic:  7/7        EV: 10    Int:  9    God:    Gozag
Gold:   273        SH:  5    Dex:  9    Spells: 6/6 levels left

rFire   . . .      SeeInvis .   a - +0 flail
rCold   . . .      Faith    .   c - +0 buckler
rNeg    + . .      Spirit   .   b - +0 scale mail
rPois   ∞          Reflect  .   (no helmet)
rElec   +          Harm     .   f - +0 cloak
rCorr   .          Rampage  .   (no gloves)
Will    .....      NoTele   +   (no boots)
Stlth   ..........              (no amulet)
HPRegen 0.17/turn               (no ring)
MPRegen 0.10/turn               (no ring)

@: mighty, hasted, very quick
A: sickness immunity, AC +4, negative energy resistance 1, electricity
resistance, torment resistance 1, petrification resistance
a: Renounce Religion, Potion Petition, Call Merchant, Bribe Branch


You were in the Dungeon.
You worshipped Gozag.
Gozag was aware of your devotion.
You visited 1 branch You collected 273 gold pieces.

Inventory:

Hand Weapons
 a - a +0 flail (weapon)
Armour
 b - a +0 scale mail (worn)
 c - a +0 buckler (worn)
 f - a +0 cloak (worn)
Wands
 i - a wand of charming (1)
Scrolls
 j - a scroll of blinking
 l - 2 scrolls of immolation {unknown}
 o - a scroll of holy word {unknown}
 p - a scroll of identify {unknown}
Potions
 h - 2 potions of magic
 k - a potion of attraction {unknown}
 m - a potion of lignification {unknown}
 n - a potion of brilliance {unknown}
 q - a potion of flight {unknown}
 r - 4 potions of mutation
Miscellaneous
 e - a piece from Xom's chessboard (13/15)


   Skills:
 + Level 9.3 Fighting
 + Level 7.5 Maces & Flails
 + Level 9.7 Armour
 + Level 1.1 Dodging
 + Level 8.6 Shields


You had 6 spell levels left.
You didn't know any spells.
Your spell library contained the following spells:

 Spells                   Type           Power      Damage    Failure   Level
 Animate Dead             Necr           0%         N/A       100%        4
 Haunt                    Necr/Summ      0%         N/A       100%        7
 Infestation              Necr           0%         N/A       100%        8


Dungeon Overview and Level Annotations

Branches:
Dungeon (1/1)

Altars:
Cheibriados
Dithmenos
Elyvilon
Fedhas
Gozag
Hepliaklqana
Kikubaaqudgha
Makhleb
Nemelex Xobeh
Qazlal
Ru
Sif Muna
Vehumet
Xom
Yredelemnul
Zin
The Shining One
Jiyva
Lugonu


Innate Abilities, Weirdness & Mutations

You are immune to sickness and miasma.
Your stone body is resilient. (AC +4)
You are immune to poison.
You resist negative energy. (rN+)
You are resistant to electric shocks. (rElec)
You are resistant to unholy torment.
You are immune to petrification.


Message History

The deep elf pyromancer hits you with a +1 long sword of holy wrath.
* * * LOW HITPOINT WARNING * * *
You closely miss the deep elf pyromancer.
The deep elf pyromancer is moderately wounded.
The deep elf pyromancer gestures wildly while chanting.
The deep elf pyromancer blinks!
The deep elf pyromancer casts a spell.
Aiming: Charm
Press: ? - help, Shift-Dir - straight line
Okay, then.
You feel yourself speed up.
There is an open door here.
You close the door.
You start resting.
There are monsters nearby!
Aiming: Charm
Press: ? - help, Shift-Dir - straight line, f - deep elf pyromancer
Aim: a deep elf pyromancer, wielding a +1 long sword of holy wrath (lightly wounded, chance to affect: 31%)
Okay, then.
You make a move on Xom's chessboard...
The fire elemental is unaffected.
Unknown command.
Unknown command.
You make a move on Xom's chessboard...
The deep elf pyromancer twists and deforms.
The deep elf pyromancer casts a spell.
The fire elemental hits you. The fire elemental burns you!
* * * LOW HITPOINT WARNING * * *
Unknown command.
You hit the fire elemental.
The fire elemental is lightly damaged.
The fire elemental hits you. The fire elemental burns you!
* * * LOW HITPOINT WARNING * * *
The deep elf pyromancer gestures wildly while chanting.
The deep elf pyromancer blinks!
Unknown command.
You closely miss the fire elemental.
The fire elemental is lightly damaged.
The fire elemental hits you. The fire elemental burns you!
You die...
Your body crumbles into a pile of gold.

▓ ▓▓▓ ♣♣ ♣.#####
####$$ $ $$ .♣ ♣.#___#
#__#$ $ $ $ $ ♣♣
♣.#!..# #._#$ $
.♣♣♣♣.###'#+###)##
♣.♣...#.........○# $
≈..♣♣.°.°.○☼E..§E#$$$$
$ ≈≈≈♣..#...######E# $
$$ $ $
≈≈....#.⌠.#__#..@#
≈.....#...#__#...#
......#)###__#...#
......#.).#__#...+
......#___#__'...#
▓▓▓▓▓▓▓▓▓▓▓▓▓▓▓▓▓▓


You could see 2 fire elementals.

Vanquished Creatures
  A shadow (D)
  A spatial vortex (D)
  A necrophage (D)
  A water elemental (D)
  A jelly (D)
  Crazy Yiuf (D)
  Jessica (D)
  A wizard (D)
  A necromancer (D)
  A human (D)
  A kobold demonologist (D)
  An endoplasm (D)
  2 rats (D)
14 creatures vanquished.

Notes
Turn   | Place    | Note
-------+----------+-------------------------------------------
     0 | D        | mhtbhm the Gargoyle Fighter began the quest for the Orb.
     0 | D        | Reached XP level 1. HP: 14/14 MP: 1/1
    14 | D        | Noticed Jessica
    16 | D        | Killed Jessica
    17 | D        | Reached XP level 2. HP: 20/20 MP: 2/2
    17 | D        | Reached XP level 3. HP: 25/25 MP: 3/3
    62 | D        | Reached skill level 5 in Fighting
    62 | D        | Reached skill level 5 in Armour
    62 | D        | Reached skill level 5 in Shields
   252 | D        | Noticed Crazy Yiuf
   265 | D        | Killed Crazy Yiuf
   266 | D        | Reached XP level 4. HP: 24/32 MP: 2/4
   356 | D        | Noticed a water elemental
   366 | D        | Killed a water elemental
   367 | D        | Reached XP level 5. HP: 10/37 MP: 5/5
   643 | D        | Noticed a shadow
   652 | D        | Killed a shadow
   653 | D        | Reached skill level 5 in Maces & Flails
   653 | D        | Reached XP level 6. HP: 43/44 MP: 6/6
   662 | D        | Found a blossoming altar of Fedhas.
   662 | D        | Found a stormy altar of Qazlal.
   662 | D        | Found a snail-covered altar of Cheibriados.
   662 | D        | Found a burning altar of Makhleb.
   662 | D        | Found a shimmering altar of Xom.
   662 | D        | Noticed a spatial vortex
   663 | D        | Found a hazy altar of Hepliaklqana.
   663 | D        | Found an opulent altar of Gozag.
   663 | D        | Found a sparkling altar of Nemelex Xobeh.
   663 | D        | Found a corrupted altar of Lugonu.
   663 | D        | Found a viscous altar of Jiyva.
   677 | D        | Killed a spatial vortex
   678 | D        | Reached XP level 7. HP: 43/50 MP: 7/7
   682 | D        | Became a worshipper of Gozag Ym Sagoz the Greedy
   770 | D        | Found a basalt altar of Yredelemnul.
   770 | D        | Found a shadowy altar of Dithmenos.
   770 | D        | Found a sacrificial altar of Ru.
   784 | D        | Reached skill level 1 in Dodging
   807 | D        | Found a radiant altar of Vehumet.
   807 | D        | Found a shimmering blue altar of Sif Muna.
   807 | D        | Found an ancient bone altar of Kikubaaqudgha.
   834 | D        | Found a glowing silver altar of Zin.
   834 | D        | Found a glowing golden altar of the Shining One.
   834 | D        | Found a white marble altar of Elyvilon.
   835 | D        | Noticed a deep elf pyromancer
   842 | D        | Noticed a fire elemental
   865 | D        | Noticed a fire elemental
   865 | D        | HP: 1/51 [fire elemental[a deep elf pyromancer] (9)]
   866 | D        | Mangled by a fire elemental

Illustrated notes

Levels and vault maps discovered:
D:        dungeon_sprint_mu [sprint_mu_entry_forest, sprint_mu_temple_rooms,
          sprint_mu_d1_spiders, sprint_mu_d2_genie, sprint_mu_d3_branching,
          sprint_mu_orc_legion, sprint_mu_elf_gauntlet, sprint_mu_hive_nellie,
          sprint_mu_lair_fedhas, sprint_mu_vaults_butterflies,
          sprint_mu_slime_circle, sprint_mu_swamp_cave, sprint_mu_shoals_archi,
          sprint_mu_blade_basic, sprint_mu_crypt_chambers,
          sprint_mu_tomb_spiral, sprint_mu_vestibule_basic,
          sprint_mu_gehenna_hellfire, sprint_mu_dis_giant,
          sprint_mu_tartarus_statrot, sprint_mu_cocytus_islands, sprint_mu_zot1]

Skill      XL: |  1  2  3  4  5  6  7 |
---------------+----------------------+-----
Fighting       | 4 5 6 8 9 |  9.3
Armour         | 4 5 6 8 9 |  9.7
Shields        | 4 5 6 7 8 |  8.6
Maces & Flails | 3 4 5 6 7 |  7.5
Dodging        | 1 |  1.1

Action                   |  1- 3 |  4- 6 |  7- 9 || total
-------------------------+-------+-------+-------++-------
Melee: Flail             |    28 |    25 |    23 ||    76
Evoke: Piece from Xom's  |       |       |     2 ||     2
  Use: Potion            |     1 |     2 |     2 ||     5
Armor: Scale mail        |     3 |     6 |     9 ||    18
Dodge: Dodged            |    11 |     3 |     4 ||    18
Block: Buckler           |     6 |     3 |     3 ||    12

Table legend: (Time is in decaauts)
 A = Elapsed time spent in this place.
 B = Non-inter-level travel time spent in this place.
 C = Inter-level travel time spent in this place.
 D = Time resting spent in this place.
 E = Time spent auto-exploring this place.
 F = Levels seen in this place.
 G = Mean time per level.
                   A        B        C        D        E       F      G
               +--------+--------+--------+--------+--------+-----+--------+
         Total |    869 |    869 |      0 |    564 |      1 |   1 |  869.0 |
       Dungeon |    869 |    869 |      0 |    564 |      1 |   1 |  869.0 |
               +--------+--------+--------+--------+--------+-----+--------+

Top non-repeatable levels by time:
       D: 869 daAuts
